[ PARTIDA AOE2 · #483021368 ]
1v1 RMArmenios vs Mongols
Equipo del jugador · VICT
Equipo rival · DERR
[ ANÁLISIS DE REPETICIÓN · EXTRAÍDO DE LA PARTIDA GRABADA ]
Feudal
11:03
Castillos
16:12
Imperial
37:51
| APM promedio | 32.7 |
| APM pico | 92 |
| eAPM promedio | 25.9 |
| Aldeanos / militares | 186 / 570 |
Foco
⚔️ 54.1% · 🌾 45.9%
Militia ×176 · Spearman ×171 · Skirmisher ×162 · Battering Ram ×31 · Composite Bowman ×13 · Archer ×9
Feudal
9:32
Castillos
22:04
Imperial
36:22
| APM promedio | 31.7 |
| APM pico | 84 |
| eAPM promedio | 18.4 |
| Aldeanos / militares | 185 / 243 |
Foco
⚔️ 42.8% · 🌾 57.2%
Scout Cavalry ×103 · Mangudai ×62 · Steppe Lancer ×29 · Cavalry Archer ×24 · Skirmisher ×16 · Trebuchet (Packed) ×8
Mapa de la partida
Recursos iniciales + cada clic de construcción. Líneas = muros · curvas = relieve. ◆ oro · ⬟ piedra · ● bayas · ✦ reliquia · ◌ hueco del cierre
Tu base· Abierta — flanco sin cerrar
Base de much better than joecomm· Abierta — flanco sin cerrar
Terreno inicial suavizado · ◌ = hueco del cierre detectado · pasá el cursor para detalles
Inputs por minuto
— PBILLOTTE - - much better than joecomm
Build order — PBILLOTTE
Primeras 150 de 971 acciones detectadas
| 0:01 | Crear | Villager (Male) |
| 0:02 | Crear | Villager (Male) |
| 0:02 | Crear | Villager (Male) |
| 0:04 | Construir | House |
| 0:06 | Construir | House |
| 0:09 | Construir | House |
| 0:36 | Crear | Villager (Male) |
| 0:39 | Construir | House |
| 0:40 | Construir | House |
| 1:25 | Investigar | Loom |
| 1:42 | Crear | Villager (Male) |
| 2:20 | Crear | Villager (Male) |
| 2:21 | Crear | Villager (Male) |
| 3:06 | Crear | Villager (Male) |
| 3:40 | Crear | Villager (Male) |
| 3:40 | Crear | Villager (Male) |
| 4:16 | Construir | Mill |
| 4:18 | Crear | Villager (Male) |
| 4:18 | Crear | Villager (Male) |
| 4:18 | Crear | Villager (Male) |
| 4:40 | Crear | Villager (Male) |
| 4:50 | Construir | Palisade Wall |
| 5:09 | Crear | Villager (Male) |
| 5:09 | Crear | Villager (Male) |
| 5:10 | Crear | Villager (Male) |
| 6:08 | Crear | Villager (Male) |
| 6:35 | Construir | Mule Cart |
| 6:46 | Crear | Villager (Male) |
| 7:33 | Construir | Mule Cart |
| 7:38 | Crear | Villager (Male) |
| 8:05 | Crear | Villager (Male) |
| 8:18 | Construir | Mule Cart |
| 8:30 | Investigar | Feudal Age |
| 8:36 | Construir | Mule Cart |
| 8:58 | Construir | Farm |
| 9:00 | Construir | Farm |
| 9:01 | Construir | Farm |
| 9:12 | Crear | Villager (Male) |
| 9:12 | Crear | Villager (Male) |
| 9:53 | Construir | House |
| 10:17 | Construir | Barracks |
| 11:03 | Edad | Edad Feudal |
| 11:12 | Construir | Archery Range |
| 11:51 | Crear | Villager (Male) |
| 11:57 | Construir | Blacksmith |
| 12:03 | Crear | Villager (Male) |
| 12:39 | Construir | House |
| 12:48 | Construir | Stone Wall |
| 12:53 | Crear | Spearman |
| 13:04 | Construir | House |
| 13:06 | Construir | House |
| 13:12 | Construir | House |
| 13:29 | Crear | Villager (Male) |
| 13:31 | Investigar | Castle Age |
| 14:17 | Construir | Farm |
| 14:21 | Construir | Mule Cart |
| 14:37 | Investigar | Horse Collar |
| 14:44 | Investigar | Double-Bit Axe |
| 15:17 | Construir | Farm |
| 15:18 | Construir | Farm |
| 15:18 | Construir | Farm |
| 15:18 | Construir | Farm |
| 15:19 | Construir | Farm |
| 15:55 | Construir | Stone Wall |
| 15:59 | Construir | Stone Wall |
| 16:11 | Crear | Villager (Male) |
| 16:11 | Crear | Villager (Male) |
| 16:12 | Edad | Edad de los Castillos |
| 16:26 | Crear | Villager (Male) |
| 17:00 | Construir | Town Center |
| 17:12 | Crear | Villager (Male) |
| 17:13 | Crear | Villager (Male) |
| 17:36 | Investigar | Bow Saw |
| 17:49 | Crear | Villager (Male) |
| 18:03 | Crear | Villager (Male) |
| 18:24 | Crear | Villager (Male) |
| 18:25 | Crear | Villager (Male) |
| 18:25 | Crear | Villager (Male) |
| 18:38 | Crear | Villager (Male) |
| 18:40 | Crear | Villager (Male) |
| 19:13 | Construir | Town Center |
| 19:21 | Crear | Villager (Male) |
| 19:23 | Investigar | Heavy Plow |
| 19:50 | Crear | Villager (Male) |
| 19:51 | Crear | Villager (Male) |
| 19:52 | Crear | Villager (Male) |
| 20:20 | Construir | Monastery |
| 20:28 | Construir | Stone Wall |
| 20:32 | Construir | Stone Wall |
| 20:32 | Construir | Stone Wall |
| 20:33 | Construir | Stone Wall |
| 20:34 | Construir | Stone Wall |
| 20:37 | Construir | Stone Wall |
| 20:40 | Construir | Stone Wall |
| 20:42 | Construir | Stone Wall |
| 20:44 | Construir | Stone Wall |
| 20:47 | Construir | Stone Wall |
| 20:49 | Crear | Villager (Male) |
| 20:49 | Crear | Villager (Male) |
| 20:49 | Crear | Villager (Male) |
| 20:49 | Crear | Villager (Male) |
| 20:50 | Crear | Villager (Male) |
| 20:50 | Crear | Villager (Male) |
| 20:54 | Construir | Farm |
| 20:54 | Construir | Farm |
| 20:54 | Construir | Farm |
| 20:54 | Construir | Farm |
| 20:55 | Construir | Farm |
| 20:57 | Construir | Farm |
| 20:57 | Construir | Farm |
| 20:58 | Construir | Farm |
| 20:58 | Construir | Farm |
| 21:00 | Crear | Villager (Male) |
| 21:12 | Construir | Gate |
| 21:41 | Crear | Villager (Male) |
| 21:42 | Crear | Villager (Male) |
| 21:48 | Construir | Barracks |
| 21:51 | Construir | Archery Range |
| 21:56 | Construir | Stable |
| 21:57 | Crear | Villager (Male) |
| 22:03 | Crear | Villager (Male) |
| 22:11 | Construir | Farm |
| 22:11 | Construir | Farm |
| 22:12 | Construir | Farm |
| 22:12 | Construir | Farm |
| 22:12 | Construir | Farm |
| 22:12 | Construir | Farm |
| 22:16 | Crear | Warrior Priest |
| 22:23 | Construir | House |
| 22:24 | Construir | House |
| 22:25 | Construir | House |
| 22:26 | Construir | House |
| 22:27 | Construir | House |
| 22:28 | Construir | House |
| 22:39 | Crear | Villager (Male) |
| 22:39 | Crear | Villager (Male) |
| 22:39 | Crear | Villager (Male) |
| 22:55 | Investigar | Scale Mail Armor |
| 23:04 | Construir | Stone Wall |
| 23:07 | Construir | Stone Wall |
| 23:08 | Construir | Stone Wall |
| 23:11 | Construir | Stone Wall |
| 23:13 | Crear | Villager (Male) |
| 23:14 | Crear | Villager (Male) |
| 23:42 | Crear | Villager (Male) |
| 23:42 | Crear | Villager (Male) |
| 23:42 | Crear | Villager (Male) |
| 23:51 | Crear | Spearman |
| 23:51 | Crear | Spearman |
| 23:53 | Crear | Spearman |
Build order — much better than joecomm
Primeras 150 de 617 acciones detectadas
| 0:00 | Crear | Villager (Male) |
| 0:01 | Crear | Villager (Male) |
| 0:02 | Construir | House |
| 0:03 | Construir | House |
| 0:18 | Crear | Villager (Male) |
| 0:18 | Crear | Villager (Male) |
| 1:26 | Crear | Villager (Male) |
| 1:26 | Crear | Villager (Male) |
| 1:48 | Construir | Lumber Camp |
| 1:59 | Crear | Villager (Male) |
| 1:59 | Crear | Villager (Male) |
| 2:22 | Crear | Villager (Male) |
| 2:58 | Crear | Villager (Male) |
| 3:04 | Construir | House |
| 3:33 | Crear | Villager (Male) |
| 3:36 | Crear | Villager (Male) |
| 3:36 | Crear | Villager (Male) |
| 4:27 | Crear | Villager (Male) |
| 4:38 | Crear | Villager (Male) |
| 4:38 | Crear | Villager (Male) |
| 4:54 | Crear | Villager (Male) |
| 5:18 | Crear | Villager (Male) |
| 5:39 | Construir | Mill |
| 5:44 | Crear | Villager (Male) |
| 5:48 | Investigar | Loom |
| 6:37 | Investigar | Feudal Age |
| 6:47 | Construir | House |
| 7:18 | Crear | Villager (Male) |
| 7:38 | Construir | Barracks |
| 7:41 | Crear | Villager (Male) |
| 7:51 | Construir | House |
| 8:12 | Crear | Villager (Male) |
| 8:13 | Crear | Villager (Male) |
| 8:38 | Crear | Villager (Male) |
| 9:32 | Edad | Edad Feudal |
| 9:35 | Construir | Stable |
| 9:42 | Construir | Blacksmith |
| 9:47 | Investigar | Double-Bit Axe |
| 9:48 | Crear | Villager (Male) |
| 10:15 | Construir | Mill |
| 10:28 | Investigar | Scale Barding Armor |
| 10:33 | Crear | Scout Cavalry |
| 10:50 | Construir | Farm |
| 11:17 | Crear | Scout Cavalry |
| 11:22 | Construir | Farm |
| 11:28 | Construir | Farm |
| 11:28 | Construir | Farm |
| 11:29 | Construir | Farm |
| 11:47 | Crear | Scout Cavalry |
| 11:48 | Crear | Scout Cavalry |
| 11:57 | Crear | Villager (Male) |
| 12:02 | Construir | House |
| 12:02 | Construir | House |
| 12:10 | Construir | Lumber Camp |
| 12:12 | Crear | Villager (Male) |
| 12:12 | Crear | Villager (Male) |
| 12:35 | Crear | Villager (Male) |
| 13:16 | Crear | Villager (Male) |
| 13:16 | Crear | Villager (Male) |
| 13:17 | Construir | Farm |
| 13:18 | Construir | Farm |
| 13:44 | Construir | Farm |
| 13:45 | Crear | Villager (Male) |
| 13:50 | Crear | Scout Cavalry |
| 13:54 | Construir | Archery Range |
| 13:57 | Construir | Archery Range |
| 14:02 | Investigar | Horse Collar |
| 14:08 | Construir | Farm |
| 14:14 | Crear | Villager (Male) |
| 14:14 | Crear | Villager (Male) |
| 14:19 | Construir | Farm |
| 14:41 | Crear | Villager (Male) |
| 14:42 | Investigar | Wheelbarrow |
| 14:47 | Construir | Mining Camp |
| 14:56 | Crear | Skirmisher |
| 15:13 | Crear | Scout Cavalry |
| 15:24 | Crear | Skirmisher |
| 15:41 | Investigar | Fletching |
| 15:45 | Crear | Skirmisher |
| 15:51 | Construir | House |
| 15:51 | Construir | House |
| 16:01 | Crear | Skirmisher |
| 16:01 | Crear | Skirmisher |
| 16:04 | Crear | Villager (Male) |
| 16:04 | Crear | Villager (Male) |
| 16:48 | Crear | Skirmisher |
| 16:48 | Crear | Skirmisher |
| 16:54 | Construir | Farm |
| 17:03 | Investigar | Gold Mining |
| 17:09 | Construir | Farm |
| 17:13 | Construir | Farm |
| 17:52 | Crear | Villager (Male) |
| 17:52 | Crear | Villager (Male) |
| 18:20 | Construir | Farm |
| 18:45 | Construir | Farm |
| 18:48 | Crear | Villager (Male) |
| 18:57 | Construir | Farm |
| 18:58 | Construir | Farm |
| 19:09 | Construir | House |
| 19:10 | Construir | House |
| 19:11 | Construir | House |
| 19:24 | Investigar | Castle Age |
| 19:24 | Investigar | Castle Age |
| 19:30 | Construir | Farm |
| 19:38 | Crear | Skirmisher |
| 19:38 | Crear | Skirmisher |
| 19:51 | Investigar | Padded Archer Armor |
| 20:36 | Crear | Villager (Male) |
| 20:36 | Crear | Villager (Male) |
| 21:00 | Crear | Villager (Male) |
| 21:31 | Crear | Villager (Male) |
| 22:04 | Edad | Edad de los Castillos |
| 22:08 | Construir | Town Center |
| 22:17 | Investigar | Elite Skirmisher (upgrade) |
| 22:18 | Crear | Cavalry Archer |
| 22:18 | Crear | Cavalry Archer |
| 22:21 | Investigar | Bodkin Arrow |
| 22:26 | Investigar | Husbandry |
| 22:27 | Investigar | Bloodlines |
| 22:34 | Crear | Villager (Male) |
| 22:41 | Construir | Lumber Camp |
| 22:44 | Investigar | Bow Saw |
| 22:44 | Investigar | Bow Saw |
| 22:54 | Investigar | Heavy Plow |
| 22:54 | Investigar | Heavy Plow |
| 23:01 | Crear | Skirmisher |
| 23:01 | Crear | Cavalry Archer |
| 23:28 | Crear | Villager (Male) |
| 23:33 | Crear | Villager (Male) |
| 23:33 | Crear | Villager (Male) |
| 23:45 | Crear | Cavalry Archer |
| 23:45 | Crear | Cavalry Archer |
| 24:00 | Crear | Steppe Lancer |
| 24:00 | Crear | Steppe Lancer |
| 24:10 | Crear | Villager (Male) |
| 24:16 | Crear | Villager (Male) |
| 24:27 | Construir | Town Center |
| 24:31 | Crear | Villager (Male) |
| 24:31 | Crear | Villager (Male) |
| 24:32 | Crear | Villager (Male) |
| 24:35 | Construir | Farm |
| 24:38 | Construir | Farm |
| 24:41 | Crear | Cavalry Archer |
| 24:41 | Crear | Cavalry Archer |
| 25:03 | Crear | Cavalry Archer |
| 25:03 | Crear | Cavalry Archer |
| 25:09 | Crear | Villager (Male) |
| 25:09 | Crear | Villager (Male) |
| 25:17 | Investigar | Stone Mining |
| 25:17 | Investigar | Gold Shaft Mining |
Cronología de la partida
| 4:50 | PBILLOTTE · wall_segment Palisade Wall x1 |
| 7:38 | much better than joecomm · first_building Barracks |
| 9:32 | much better than joecomm · age_up feudal |
| 9:35 | much better than joecomm · first_building Stable |
| 10:17 | PBILLOTTE · first_building Barracks |
| 11:03 | PBILLOTTE · age_up feudal |
| 11:12 | PBILLOTTE · first_building Archery Range |
| 12:48 | PBILLOTTE · wall_segment Stone Wall x11 |
| 13:54 | much better than joecomm · first_building Archery Range |
| 15:55 | PBILLOTTE · wall_segment Stone Wall x12 |
| 15:59 | PBILLOTTE · wall_segment Stone Wall x6 |
| 16:12 | PBILLOTTE · age_up castle |
| 20:20 | PBILLOTTE · first_building Monastery |
| 20:28 | PBILLOTTE · wall_segment Stone Wall x1 |
| 20:32 | PBILLOTTE · wall_segment Stone Wall x1 |
| 20:32 | PBILLOTTE · wall_segment Stone Wall x1 |
| 20:33 | PBILLOTTE · wall_segment Stone Wall x1 |
| 20:34 | PBILLOTTE · wall_segment Stone Wall x1 |
| 20:37 | PBILLOTTE · wall_segment Stone Wall x3 |
| 20:40 | PBILLOTTE · wall_segment Stone Wall x3 |
| 20:42 | PBILLOTTE · wall_segment Stone Wall x4 |
| 20:44 | PBILLOTTE · wall_segment Stone Wall x3 |
| 20:47 | PBILLOTTE · wall_segment Stone Wall x9 |
| 21:56 | PBILLOTTE · first_building Stable |
| 22:04 | much better than joecomm · age_up castle |
| 23:04 | PBILLOTTE · wall_segment Stone Wall x17 |
| 23:07 | PBILLOTTE · wall_segment Stone Wall x3 |
| 23:08 | PBILLOTTE · wall_segment Stone Wall x4 |
| 23:11 | PBILLOTTE · wall_segment Stone Wall x12 |
| 28:49 | PBILLOTTE · first_building Castle |
| 29:59 | much better than joecomm · first_building Castle |
| 31:13 | much better than joecomm · first_building Monastery |
| 36:22 | much better than joecomm · age_up imperial |
| 36:31 | PBILLOTTE · first_building Siege Workshop |
| 37:51 | PBILLOTTE · age_up imperial |
| 54:17 | PBILLOTTE · first_market_sell 500 food |
| 54:18 | PBILLOTTE · first_market_buy 100 stone |
| 54:35 | much better than joecomm · first_market_sell 100 wood |
| 54:39 | much better than joecomm · first_market_buy 100 food |
| 54:59 | PBILLOTTE · wall_segment Stone Wall x7 |
| 63:50 | much better than joecomm · resign |
[ ANÁLISIS IA · 1 CRÉDITO ]
¿Qué pasó realmente en esta partida?
Wolo.gg analiza cada decisión: build order, eco, micro, errores típicos por bracket. Análisis personalizado por WhatsApp o Discord en 30 segundos.
Guía civ
Armenios
Guía mapa
Kilimanjaro
Perfil
PBILLOTTE